 Dungeon Crawl Stone Soup version 0.22.0 (webtiles) character file.

21 BigChef the Skirmisher (level 2, 0/24 HPs)
             Began as a Demonspawn Chaos Knight on Sept 3, 2018.
             Succumbed to an adder's poison
             ... on level 2 of the Dungeon.
             The game lasted 00:01:29 (1120 turns).

BigChef the Skirmisher (Demonspawn Chaos Knight)    Turns: 1120, Time: 00:01:29

Health: 0/24       AC:  6    Str: 12    XL:     2   Next: 62%
Magic:  2/2        EV: 11    Int: 13    God:    Xom [.*....]
Gold:   22         SH:  0    Dex: 12    Spells: 1/1 levels left

rFire    . . .     SeeInvis .   a - +0 falchion (chaos)
rCold    . . .     Gourm    .   (no shield)
rNeg     . . .     Faith    .   b - +2 leather armour
rPois    .         Spirit   +   (no helmet)
rElec    .         Reflect  .   d - +0 cloak (curse)
rCorr    .         Harm     .   (no gloves)
MR       .....                  (no boots)
Stlth    +.........             (no amulet)
HPRegen  0.08/turn              (no ring)
MPRegen  0.08/turn              (no ring)

@: lethally poisoned (0 -> -2)
A: magic shield
a: Renounce Religion


You were on level 2 of the Dungeon.
You worshipped Xom.
You were a plaything of Xom.
You were hungry.

You visited 1 branch of the dungeon, and saw 2 of its levels.

You collected 22 gold pieces.

Inventory:

Hand Weapons
 a - a +0 falchion of chaos (weapon)
Armour
 b - a +2 leather armour (worn)
 d - a cursed +0 cloak (worn)
Jewellery
 g - an uncursed ring of fire {unknown}
Scrolls
 e - 5 scrolls of identify {unknown}
 f - a scroll of random uselessness {unknown}
Comestibles
 c - 3 rations


   Skills:
 + Level 3.5 Fighting
 + Level 3.0 Long Blades
 + Level 2.0 Armour
 + Level 0.8 Dodging


You had one spell level left.
You didn't know any spells.
Your spell library was empty.

Dungeon Overview and Level Annotations

Branches:
Dungeon (2/15)

Altars:
Okawaru
Uskayaw
Vehumet


Innate Abilities, Weirdness & Mutations

When hurt, damage is shared between your health and your magic reserves.


Message History

* * * LOW HITPOINT WARNING * * *
* * * LOW HITPOINT WARNING * * *
You feel sick. Something bites you.
* * * LOW HITPOINT WARNING * * *
* * * LOW HITPOINT WARNING * * *
You feel sick.
* * * LOW HITPOINT WARNING * * *
You feel sick.
You see here a stone.
Something barely misses you.
* * * LOW HITPOINT WARNING * * *
You feel sick. Something bites you but does no damage.
* * * LOW HITPOINT WARNING * * *
You feel sick.
There is an open door here.
Something bites you but does no damage.
You die...
Xom giggles madly!

<..............##.#≈_# #.#
.#..#.###.####.##.#### #.#
###...# #.# #.#### #.#
.#..#####.# ##'## #.#
..........###...## #.##
#.##########.....## ####..#
#.##.## ##.......## ##.###.#
#.#...####.........####...##.####
#........'......@..'K.....(.....(
#.#...####.........####...##.####
#.##.## ##.......## ##.###.#
#.#### ##.....## ### #.# ....#
##...## #.# #.#.# ##+## #.# ###.#
#.# ##.## #.# #.# ##.#.## #.#
##.## #.###.#


You could see a kobold.

Vanquished Creatures
  An ooze (D:1)
  A leopard gecko (D:1)
  2 giant cockroaches (D:1)
  2 goblins (D:1)
  2 hobgoblins (D:1)
  2 frilled lizards (D:1)
  2 kobolds (D:1)
  4 rats (D:1)
16 creatures vanquished.

Notes
Turn   | Place    | Note
-------+----------+-------------------------------------------
     0 | D:1      | BigChef the Demonspawn Chaos Knight began the quest for the Orb.
     0 | D:1      | Reached XP level 1. HP: 18/18 MP: 1/1
     8 | D:1      | XOM: harmless Conj miscast
   133 | D:1      | XOM: silly message
   227 | D:1      | Gained mutation: When hurt, damage is shared between your health and your magic reserves. [demonic ancestry]
   227 | D:1      | Reached XP level 2. HP: 24/24 MP: 2/2
   499 | D:1      | XOM: harmless Hex miscast
   537 | D:1      | XOM: harmless Ice miscast
   648 | D:1      | Found an iron altar of Okawaru.
   655 | D:1      | XOM: harmless Conj miscast
   725 | D:1      | XOM: divination: detect creatures
   839 | D:1      | XOM: harmless Conj miscast
  1059 | D:2      | Found a radiant altar of Vehumet.
  1059 | D:2      | Found a hide-covered altar of Uskayaw.
  1116 | D:2      | HP: 1/24 [poisoned by an adder]
  1120 | D:2      | Succumbed to an adder's poison

Skill      XL: |  1  2 |
---------------+-------+-----
Armour         | 2 |  2.0
Long Blades    | 3 |  3.0
Fighting       | |  3.5
Dodging        | |  0.8

Action                   || total
-------------------------++-------
Melee: Falchion          ||    43
  Use: Potion            ||     1
Armor: Leather armour    ||    15
Dodge: Dodged            ||    19
       Rpst.: Falchion   ||    12
